 Dungeon Crawl Stone Soup version 0.27.1-4-g1640c2035a (webtiles) character file.

Game seed: 13763373928332719708

12567 Descartes the Destroyer (level 11, -4/59 HPs)
             Began as a Deep Elf Venom Mage on Nov 18, 2021.
             Was an Initiate of Gozag.
             Splashed by an acid dragon's acid (17 damage)
             ... on level 10 of the Dungeon.
             The game lasted 00:57:24 (11979 turns).

Descartes the Destroyer (Deep Elf Venom Mage)      Turns: 11979, Time: 00:57:24

Health: -4/59      AC:  5    Str:  6      XL:     11   Next: 64%
Magic:  6/20       EV: 16    Int: 37 (38) God:    Gozag
Gold:   504        SH:  0    Dex: 14 (15) Spells: 1/20 levels left

rFire    . . .     SeeInvis .   K - +6 flail of Neutumow {flame, Fragile +Blink rN+ Int+9}
rCold    . . .     Faith    .   (no shield)
rNeg     + . .     Spirit   .   F - +2 robe {Will+}
rPois    .         Reflect  .   (no helmet)
rElec    .         Harm     .   D - +2 cloak
rCorr    .         Rampage  .   Q - +0 pair of gloves
Will     ++...                  S - +0 pair of boots
Stlth    ++........             h - amulet of regeneration
HPRegen  1.19/turn              B - +6 ring of intelligence
MPRegen  0.17/turn              C - +4 ring of protection

@: corroded, gold aura, hasted, very quick
A: robust 1, wild magic 1
a: Renounce Religion, Evoke Blink, Potion Petition, Call Merchant, Bribe Branch


You were on level 10 of the Dungeon.
You worshipped Gozag.
Gozag was pleased with you.
You visited 2 branches of the dungeon, and saw 11 of its levels.
You also visited: Bailey.

You collected 1368 gold pieces.
You spent 576 gold pieces at shops.
You paid 288 gold pieces to Gozag.

Inventory:

Hand Weapons
 a - a +2 short sword of speed
 x - the +5 hand axe of Vessumac {freeze, *Slow Fly rElec Dex+4}
   (You found it in a bailey)

   It freezes those it strikes, dealing additional cold damage.
   It can also slow down cold-blooded creatures.
   Dex:       It affects your dexterity (+4).
   rElec:     It insulates you from electricity.
   Fly:       It grants you flight.
   *Slow:     It may slow you when you take damage.
 G - the +6 dagger of Iconoclasm {freeze, rElec rF- rC+ Int+2}
   (You found it on level 6 of the Dungeon)

   It freezes those it strikes, dealing additional cold damage.
   It can also slow down cold-blooded creatures.
   Int:       It affects your intelligence (+2).
   rF:        It makes you vulnerable to fire.
   rC:        It protects you from cold.
   rElec:     It insulates you from electricity.
 K - the +6 flail of Neutumow (weapon) {flame, Fragile +Blink rN+ Int+9}
   (You found it on level 7 of the Dungeon)

   It burns those it strikes, dealing additional fire damage.
   Int:       It affects your intelligence (+9).
   rN:        It protects you from negative energy.
   +Blink:    It lets you blink.
   Fragile:   It will be destroyed if unequipped.
 M - the +2 rapier of Compound Interest {vamp, rN+ Will+ Str+5 Int-3}
   (You bought it in a shop on level 4 of the Dungeon)

   It occasionally heals its wielder for a portion of the damage dealt when it
   wounds a living foe.
   Str:       It affects your strength (+5).
   Int:       It affects your intelligence (-3).
   rN:        It protects you from negative energy.
   Will:      It increases your willpower.
 O - the +6 great mace of Annihilation {flame, +Rage Int+3}
   (You took it off an ogre on level 4 of the Dungeon)

   It burns those it strikes, dealing additional fire damage.
   Int:       It affects your intelligence (+3).
   +Rage:     It lets you go berserk.
Missiles
 f - 7 datura-tipped darts
 l - 392 stones
 n - 101 arrows
 p - 47 poisoned darts
 q - 3 javelins
 u - 3 throwing nets
 J - 44 boomerangs
 T - 4 atropa-tipped darts
Armour
 i - a scarf of shadows
 t - a +3 leather armour
 D - a +2 cloak (worn)
 F - a +2 robe of willpower (worn)
 Q - a +0 pair of gloves (worn)
 S - a +0 pair of boots (worn)
Magical Staves
 r - a staff of earth
Jewellery
 h - an amulet of regeneration (around neck)
 B - a +6 ring of intelligence (left hand)
 C - a +4 ring of protection (right hand)
Wands
 z - a wand of paralysis (20)
 I - a wand of acid (8)
 P - a wand of iceblast (7)
Scrolls
 d - 3 scrolls of blinking
 e - 5 scrolls of teleportation
 j - 5 scrolls of enchant weapon
 k - 2 scrolls of fog {unknown}
 s - a scroll of brand weapon
 v - 3 scrolls of fear
 y - a scroll of enchant armour
 E - a scroll of immolation
 L - a scroll of summoning {unknown}
 N - 3 scrolls of identify
Potions
 b - 2 potions of heal wounds
 c - 2 potions of might
 g - a potion of degeneration
 m - 8 potions of curing
 o - 2 potions of haste
 w - a potion of mutation
 H - a potion of cancellation
 R - a potion of flight {unknown}
Miscellaneous
 A - a phantom mirror


   Skills:
 + Level 9.6 Dodging
 - Level 2.4 Stealth
 - Level 5.0 Spellcasting
 - Level 10.8 Conjurations
 - Level 5.0 Transmutations
 - Level 5.0 Air Magic
 + Level 8.6 Earth Magic
 + Level 8.5 Poison Magic
 + Level 4.6 Evocations


You had one spell level left.
You knew the following spells:

 Your Spells              Type           Power      Damage    Failure   Level
a - Sting                 Tmut/Pois      100%       1d8       1%          1
b - Olgreb's Toxic Radia  Pois           76%        N/A       2%          4
c - Poisonous Vapours     Pois/Air       100%       N/A       1%          2
d - Iron Shot             Conj/Erth      40%        9d8       16%         6
e - Mephitic Cloud        Conj/Pois/Air  74%        N/A       1%          3
f - Foxfire               Conj/Fire      100%       2x1d9     1%          1
g - Searing Ray           Conj           100%       3d7       1%          2

Your spell library contained the following spells:

 Spells                   Type           Power      Damage    Failure   Level
 Shock                    Conj/Air       100%       1d9       1%          1
 Wereblood                Tmut           56%        N/A       1%          2
 Stone Arrow              Conj/Erth      100%       3d13      1%          3
 Iskenderun's Battlesphe  Conj           86%        2d13      2%          5
 Irradiate                Conj/Tmut      36%        3d26      6%          5
 Sublimation of Blood     Necr           6%         N/A       9%          2
 Animate Armour           Summ/Erth      100%       N/A       10%         4
 Bolt of Magma            Conj/Fire/Erth 32%        4d14      11%         5
 Blade Hands              Tmut           28%        N/A       19%         5
 Orb of Destruction       Conj           43%        9d14      43%         7
 Summon Hydra             Summ           6%         N/A       100%        7
 Shatter                  Erth           38%        3d30*     100%        9


Dungeon Overview and Level Annotations

Branches:
Dungeon (10/15)            Temple (1/1) D:5          Bailey (visited)
   Lair: D:8-11         Orc: D:9-12

Altars:
Elyvilon
Gozag
Hepliaklqana
Kikubaaqudgha
Makhleb
Okawaru
Ru
Sif Muna
Uskayaw
Vehumet
Wu Jian
Yredelemnul
Zin

Shops:
D:1 ?   D:4 *


Innate Abilities, Weirdness & Mutations

You are robust. (+10% HP)
Your spells are a little harder to cast, but a little more powerful.


Message History

Your toxic aura wanes.
A centaur is nearby!
Casting: Olgreb's Toxic Radiance (dangerous; 2% risk of failure)
Confirm with . or Enter, or press ? or * to list all spells.
You don't have enough magic to cast this spell.
A centaur is nearby!
Casting: Olgreb's Toxic Radiance (dangerous; 2% risk of failure)
Confirm with . or Enter, or press ? or * to list all spells.
You don't have enough magic to cast this spell.
A hound comes into view.
The centaur unwields the +4 long sword of Equilibrium {vamp, Str+3}.
The centaur wields a +0 shortbow.
The centaur shoots an arrow.
The arrow closely misses you.
A hound comes into view.
The hound barks!
You hear a roar!
The centaur shoots an arrow.
The arrow misses you.
The centaur shoots an arrow.
The arrow hits you!
The hound moves out of view.
A wolf comes into view.
A hound and an acid dragon come into view.
The acid dragon roars!
The hound barks!
You hear a howl!
You hear a bark!
The acid dragon spits acid at you. The splash of acid hits you!
The acid corrodes you!
You are splashed with acid!
The centaur shoots an arrow.
The arrow closely misses you.
You are too injured to fight recklessly!
The centaur is distracted by your dazzling golden aura.
A wolf comes into view.
A hound comes into view. [a] - 264 gold - invisibility and might [b] - 210 gold - heal wounds and berserk rage [c] - 210 gold - haste Purchase which effect?
You feel yourself speed up.
The centaur shoots an arrow.
The arrow closely misses you. The hound bites you.
The centaur shoots an arrow.
The arrow barely misses you. The hound barely misses you.
The centaur shoots an arrow.
The arrow hits you. The acid dragon spits acid at you.
The splash of acid hits you!
* * * LOW HITPOINT WARNING * * *
The acid corrodes you!
You are splashed with acid!
You die...
Your body crumbles into a pile of gold.

≈≈≈≈≈≈.. ≈≈≈≈≈...
.≈≈.D...#+######
...≈...$.......#
........c......#
.......+h.?....+$
#........# #.h..#+#..
#.@#######+ #.#...#...#
#.#...#...#
######+########.......#
#..........######._.###
#..........##.#.......#
#..........##.#.))#...#
#....>......#.#)..#...#
#
#.............'#######+
#


You could see an acid dragon (catching breath), a centaur and 2 hounds.

Vanquished Creatures
  An orc warlord (Bailey)
  Harold (D:8)
  A two-headed ogre (D:7)
  A cyclops (D:10)
  A hornet (D:9)
  2 steam dragons
  Menkaure (D:7)
  A water moccasin (D:8)
  An ice beast (D:7)
  4 orc warriors
  2 sky beasts
  A hornet zombie (D:8)
  A black bear (D:7)
  5 ogres
  3 centaurs
  2 phantoms
  2 kobold brigands
  8 bullfrogs
  A gnoll sergeant (D:9)
  A scorpion (D:4)
  A water moccasin zombie (D:5)
  A water moccasin skeleton (D:7)
  A howler monkey (D:4)
  A centaur zombie (D:8)
  A bullfrog skeleton (D:5)
  A jelly (D:5)
  A bullfrog zombie (D:6)
  7 hounds
  3 centaur skeletons
  An orc priest (D:7)
  3 iguanas
  6 orc wizards
  The ghost of Emandoog the Caller, a weakling DESu (D:4)
  11 gnolls
  4 adders
  A howler monkey skeleton (D:7)
  4 white imps
  An adder skeleton (D:5)
  2 worms
  2 dart slugs
  25 orcs
  8 endoplasms
  3 giant cockroaches
  6 goblins
  10 hobgoblins
  29 kobolds
  3 quokkas
  9 ball pythons
  2 bats
  A frilled lizard (D:2)
  5 rats
194 creatures vanquished.

Vanquished Creatures (others)
  13 foxfires (D:8)
13 creatures vanquished.

Grand Total: 207 creatures vanquished

Notes
Turn   | Place    | Note
-------+----------+-------------------------------------------
     0 | D:1      | Descartes the Deep Elf Venom Mage began the quest for the
                  | Orb.
     0 | D:1      | Reached XP level 1. HP: 10/10 MP: 6/6
   573 | D:1      | Reached XP level 2. HP: 13/15 MP: 0/8
  1110 | D:1      | Found Kuaral's Magic Scroll Boutique.
  1238 | D:2      | Found a burning altar of Makhleb.
  1637 | D:2      | Found a faded altar of an unknown god.
  1770 | D:2      | Reached XP level 3. HP: 19/19 MP: 5/9
  2159 | D:2      | Reached XP level 4. HP: 15/24 MP: 2/10
  3085 | D:3      | Reached skill level 5 in Poison Magic
  3085 | D:3      | Reached XP level 5. HP: 23/28 MP: 8/11
  3135 | D:4      | Found Weanyol's Assorted Antiques.
  3135 | D:4      | Found a transporter.
  3224 | D:4      | Noticed a phantom
  3232 | D:4      | Noticed an ogre
  3277 | D:4      | Learned a level 4 spell: Olgreb's Toxic Radiance
  3280 | D:4      | Learned a level 2 spell: Poisonous Vapours
  3409 | D:4      | Reached skill level 5 in Transmutations
  3491 | D:3      | Killed a phantom
  3492 | D:3      | Reached XP level 6. HP: 17/32 MP: 12/12
  3743 | D:4      | Found a transporter.
  3744 | D:4      | Noticed Emandoog's ghost (weakling DESu)
  3745 | D:4      | Identified the +6 great mace of Annihilation {flame, +Rage
                  | Int+3}
  3771 | D:4      | Reached skill level 1 in Air Magic
  4092 | D:5      | Entered Level 5 of the Dungeon
  4099 | D:5      | Noticed a sky beast
  4291 | D:5      | Reached XP level 7. HP: 36/36 MP: 4/13
  4375 | D:4      | Reached skill level 5 in Dodging
  4635 | D:5      | Reached skill level 1 in Earth Magic
  4765 | D:5      | Found a staircase to the Ecumenical Temple.
  4800 | Temple   | Entered the Ecumenical Temple
  4825 | Temple   | Became a worshipper of Gozag Ym Sagoz the Greedy
  5029 | D:4      | Bought a scroll labelled BEWKEIMAEJ for 24 gold pieces
  5029 | D:4      | Bought a pink potion for 21 gold pieces
  5029 | D:4      | Bought a bubbling red potion for 21 gold pieces
  5029 | D:4      | Bought a scroll labelled ARILOI ONAWOCO for 24 gold pieces
  5029 | D:4      | Bought a scroll labelled PYQIKOAPTE for 24 gold pieces
  5461 | D:5      | Reached XP level 8. HP: 41/41 MP: 14/16
  6009 | D:6      | Identified the +6 dagger of Iconoclasm {freeze, rElec rF-
                  | rC+ Int+2}
  6056 | D:6      | Reached skill level 5 in Spellcasting
  6134 | D:6      | Learned a level 6 spell: Iron Shot
  6496 | D:7      | Noticed Menkaure
  6641 | D:7      | Identified the +6 flail of Neutumow {flame, Fragile +Blink
                  | rN+ Int+9}
  6654 | D:7      | Noticed a two-headed ogre
  6687 | D:7      | Killed a two-headed ogre
  6688 | D:7      | Reached skill level 5 in Air Magic
  6688 | D:7      | Reached skill level 5 in Earth Magic
  6688 | D:7      | Reached skill level 4 in Conjurations
  6688 | D:7      | Reached XP level 9. HP: 36/45 MP: 12/18
  6933 | D:7      | Killed Menkaure
  7149 | D:7      | Reached skill level 5 in Conjurations
  7504 | D:7      | Reached skill level 6 in Conjurations
  7814 | D:4      | Bought a scorched rapier for 216 gold pieces
  7814 | D:4      | Identified the +2 rapier of Compound Interest {vamp, rN+
                  | Will+ Str+5 Int-3} (You bought it in a shop on level 4 of
                  | the Dungeon)
  7884 | D:1      | Bought a scroll of enchant armour for 90 gold pieces
  7884 | D:1      | Bought a scroll of enchant weapon for 90 gold pieces
  7884 | D:1      | Bought a scroll of magic mapping for 42 gold pieces
  7884 | D:1      | Bought a scroll of identify for 24 gold pieces
  8102 | D:4      | Killed Emandoog's ghost
  8301 | D:8      | Reached skill level 7 in Conjurations
  8344 | D:8      | Found a flagged portal.
  8362 | Bailey   | Entered a bailey
  8510 | Bailey   | Noticed an orc warlord
  8742 | Bailey   | Learned a level 3 spell: Mephitic Cloud
  8756 | Bailey   | Reached skill level 1 in Evocations
  8845 | Bailey   | Found a runed translucent gate.
  8848 | Bailey   | Found a runed translucent gate.
  8849 | Bailey   | Found a runed translucent gate.
  9570 | Bailey   | Killed an orc warlord
  9571 | Bailey   | Reached XP level 10. HP: 50/50 MP: 11/19
  9616 | Bailey   | Gained mutation: You sometimes lose the ability to read
                  | scrolls when taking damage. [potion of mutation]
  9616 | Bailey   | Gained mutation: You tend to lose your temper in combat.
                  | [potion of mutation]
  9617 | Bailey   | Lost mutation: You sometimes lose the ability to read
                  | scrolls when taking damage. [potion of mutation]
  9617 | Bailey   | Lost mutation: You tend to lose your temper in combat.
                  | [potion of mutation]
  9617 | Bailey   | Gained mutation: Your spells are a little harder to cast,
                  | but a little more powerful. [potion of mutation]
  9617 | Bailey   | Gained mutation: You are robust. (+10% HP) [potion of
                  | mutation]
  9733 | Bailey   | Identified the +5 hand axe of Vessumac {freeze, *Slow Fly
                  | rElec Dex+4}
  9818 | Bailey   | Acquired Faxigrai's Catalogue of Attacks
  9982 | D:8      | Noticed Harold
  9998 | D:8      | Killed Harold
  9999 | D:8      | Reached skill level 8 in Conjurations
 10331 | D:8      | Reached skill level 10 in Conjurations
 10331 | D:8      | Reached XP level 11. HP: 59/59 MP: 20/20
 10334 | D:8      | Learned a level 1 spell: Foxfire
 10337 | D:8      | Learned a level 2 spell: Searing Ray
 11634 | D:10     | Entered Level 10 of the Dungeon
 11918 | D:10     | Found a sacrificial altar of Ru.
 11971 | D:10     | Identified the +4 long sword of Equilibrium {vamp, Str+3}
 11979 | D:10     | Splashed by an acid dragon's acid

Illustrated notes

Levels and vault maps discovered:
D:1:      amcnicky_arrival_wind_blow, layout_rooms, serial_shops, shop_statue
D:2:      layout_basic, basic_altar, shapermc_ecumenical_altar_pompeii,
          st_stairs_1, minmay_misc_feat_nine_boxes
D:3:      layout_basic, portal_sewer_entry_d, minmay_strange_pillars,
          cheibrodos_gnoll_hut
D:4:      layout_basic, serial_shops, shop, gammafunk_ghost_smash,
          minmay_crystal_room, kennysheep_generic_room_6
D:5:      layout_cave_pools, minmay_temple_entry_glassed_door
D:6:      layout_loops_corners
D:7:      layout_loops_corners, kennysheep_generic_room_7, uniq_menkaure
D:8:      layout_rooms, enter_bailey_1, palyth_stone_intersect, uniq_harold
D:9:      layout_gridville
D:10:     layout_roguey, nicolae_ru_great_annihilating_truth, erik_lair_island,
          serial_shops, nicolae_take_the_stairs, serial_rivers,
          chequers_serial_rivers_micro_b, chequers_serial_rivers_large_b,
          chequers_serial_rivers_micro_c, chequers_serial_rivers_micro_e,
          chequers_serial_rivers_large_a, chequers_serial_rivers_micro_a,
          amcnicky_mini_rare_corridor_liquid, grunt_decor_arrowhead, uniq_urug
Temple:   nicolae_temple_the_god_donut

Skill      XL: |  1  2  3  4  5  6  7  8  9 10 |
---------------+-------------------------------+-----
Transmutations | 2 3 5 |  5.0
Poison Magic   | 4 5 6 7 8 |  8.5
Dodging        | 3 4 5 9 |  9.6
Air Magic      | 1 3 5 |  5.0
Earth Magic    | 2 5 7 8 |  8.6
Spellcasting   | 4 5 |  5.0
Conjurations   | 4 7 10 | 10.8
Evocations     | 3 4 |  4.6
Stealth        | |  2.4

Action                   |  1- 3 |  4- 6 |  7- 9 | 10-12 || total
-------------------------+-------+-------+-------+-------++-------
Melee: Short sword       |     1 |    38 |   161 |       ||   200
       Dagger            |       |       |    78 |       ||    78
       Flail             |       |       |    79 |    37 ||   116
 Cast: Sting             |    78 |    84 |    38 |       ||   200
       Olgreb's Toxic Ra |       |     4 |    15 |    21 ||    40
       Poisonous Vapours |       |     3 |    35 |     8 ||    46
       Mephitic Cloud    |       |       |     5 |       ||     5
       Foxfire           |       |       |       |     7 ||     7
       Iron Shot         |       |       |       |     2 ||     2
Invok: Potion Petition   |       |       |       |     1 ||     1
 Abil: Evoke Blink       |       |       |     1 |       ||     1
Evoke: Wand              |       |       |     2 |       ||     2
  Use: Scroll            |       |       |     8 |     4 ||    12
       Potion            |       |       |     1 |    12 ||    13
 Stab: Sleeping          |       |       |     2 |     1 ||     3
       Distracted        |       |       |     1 |       ||     1
       Confused          |       |       |     1 |       ||     1
Armor: Robe              |     5 |     2 |       |    12 ||    19
       Leather armour    |       |    12 |   109 |    24 ||   145
Dodge: Dodged            |    21 |    31 |   236 |    60 ||   348
